Map: Odyssey LE

Players

Yata - Winner!

  • Race: Zerg Zerg
  • League: Platinum
  • Spawn Location: 11:00

DarkOne

  • Race: Terran Terran
  • League: Platinum
  • Spawn Location: 5:00

VOD

Have the link to the VOD?

Description

Time

  • Played on: Sept. 13, 2017, 12:59 p.m.
  • Length: 25:02
Show
View Real Time Build Order
Export as new Build Order

Yata Zerg - Winner!

Build Orders: Hatch First 

Get SALT Encoding   

  12  0:01  Drone  
  13  0:09  Drone  
  14  0:16  Overlord  
  14  0:36  Drone x2  
  14  0:37  Drone  
  17  0:57  Hatchery, Drone  
  16  1:00  Drone  
  18  1:11  Extractor  
  18  1:16  Spawning Pool  
  16  1:21  Drone  
  16  1:22  Drone  
  18  1:30  Drone  
  19  1:42  Overlord  
  19  1:52  Drone  
  20  2:02  Drone  
  20  2:04  Queen  
  23  2:09  Queen  
  25  2:24  Overlord  
  25  2:28  Zergling x4  
  25  2:29  Zergling x2  
  28  2:31  Metabolic Boost  
  28  2:35  Overlord  
  28  2:36  Baneling Nest  
  27  2:47  Drone x3  
  30  2:56  Drone  
  31  3:04  Drone, Baneling Nest  
  31  3:05  Evolution Chamber  
  31  3:06  Drone  
  31  3:15  Drone x2  
  31  3:16  Drone  
  34  3:26  Drone x3  
  37  3:37  Pneumatized Carapace  
  38  3:55  Drone x4  
  41  3:56  Drone x2  
  41  4:00  Overlord  
  41  4:01  Overlord  
  43  4:23  Drone x11  
  54  4:26  Lair  
  54  4:30  Zergling x2  
  53  4:51  Zergling x2  
  53  4:52  Zergling x6  
  57  4:54  Queen  
  57  4:58  Hatchery  
  57  4:59  Extractor  
  57  5:01  Zerg Melee Weapons Level 1, Extractor  
  56  5:08  Extractor  
  56  5:10  Zergling x6  
  56  5:11  Zergling x2  
  59  5:36  Zergling x2  
  59  5:39  Overlord x3  
  59  5:40  Evolution Chamber  
  59  5:57  Queen  
  61  6:08  Zergling x2  
  61  6:09  Zergling x16  
  70  6:21  Zergling x4  
  70  6:22  Zergling x6  
  59  6:58  Hydralisk Den  
  59  6:59  Zerg Missile Weapons Level 1  
  59  7:00  Zerg Ground Armor Level 1  
  56  7:14  Zergling x2  
  56  7:15  Zergling x16  
  61  7:24  Overlord  
  61  7:27  Drone x2  
  61  7:28  Drone x2  
  65  7:30  Drone x6  
  71  7:39  Muscular Augments  
  71  7:41  Queen x2  
  75  7:44  Hydralisk x2  
  75  7:45  Hydralisk x5  
  89  8:14  Overlord x3  
  89  8:15  Overlord  
  87  8:33  Hydralisk  
  89  8:34  Hydralisk x15  
  118  8:49  Zergling x6  
  118  8:53  Zerg Missile Weapons Level 2  
  118  8:54  Zerg Melee Weapons Level 2  
  121  8:58  Overlord x4  
  121  9:16  Queen  
  123  9:26  Baneling x5  
  123  9:27  Hatchery  
  123  9:29  Hydralisk  
  123  9:30  Hydralisk x12  
  148  9:45  Zergling x2  
  148  9:46  Zergling x8  
  148  9:49  Overlord x4  
  148  10:10  Zergling x22  
  156  10:25  Queen  
  158  10:37  Drone x11  
  154  11:20  Queen  
  154  11:22  Queen x2  
  159  12:00  Overlord x6  
  159  12:17  Queen  
  159  12:21  Zergling x2  
  159  12:22  Zergling x34  
  175  12:23  Zergling x14  
  175  12:29  Zerg Ground Armor Level 2  
  171  12:48  Zergling x4  
  171  12:49  Zergling x24  
  151  13:09  Hydralisk x9  
  131  13:53  Hatchery  
  131  13:54  Hydralisk x9  
  148  13:59  Hatchery  
  147  14:06  Queen  
  149  14:22  Hatchery  
  136  14:36  Infestation Pit  
  123  14:41  Zergling x2  
  123  14:42  Zergling x22  
  135  14:51  Lurker Den  
  122  15:22  Zergling x2  
  122  15:23  Zergling x32  
  131  15:39  Zergling x2, Hydralisk  
  131  15:40  Hydralisk x8  
  146  15:49  Drone x4  
  150  16:00  Hydralisk x3  
  150  16:01  Hydralisk x5  
  156  16:10  Hydralisk x5  
  160  16:21  Drone  
  160  16:22  Drone x4  
  165  16:26  Hive  
  165  16:28  Queen  
  167  16:42  Overlord x4  
  167  16:43  Overlord x2  
  167  16:50  Queen  
  144  17:06  Hydralisk  
  144  17:07  Hydralisk x7  
  150  17:15  Zergling x2  
  150  17:16  Zergling x24  
  162  17:32  Drone x12  
  162  17:35  Drone  
  175  17:42  Baneling x4  
  175  17:43  Baneling x3  
  173  18:08  Zergling x2  
  173  18:09  Zergling x34  
  158  18:34  Zergling x2  
  158  18:35  Zergling x24  
  161  19:03  Extractor  
  161  19:07  Hatchery  
  159  19:11  Extractor  
  159  19:14  Extractor  
  157  19:22  Extractor  
  157  19:23  Extractor  
  157  19:24  Hatchery  
  154  19:35  Extractor, Hydralisk  
  154  19:36  Hydralisk  
  157  20:08  Hydralisk  
  157  20:09  Hydralisk x5  
  155  20:32  Hydralisk  
  155  20:33  Hydralisk x4  
  108  20:53  Hydralisk  
  108  20:54  Hydralisk x3  
  112  21:17  Overlord  
  112  21:18  Hydralisk  
  112  21:19  Hydralisk x5  
  120  21:43  Hydralisk  
  120  21:44  Hydralisk x4  
  130  21:47  Zergling x2  
  130  21:48  Zergling x36  
  149  22:09  Drone x3  
  152  22:22  Hydralisk x2  
  140  22:23  Hydralisk x7  
  140  22:27  Zergling x2  
  140  22:28  Zergling x22  
  162  22:37  Baneling x6  
  162  22:45  Zergling x2  
  162  22:46  Zergling x30  
  139  23:15  Hydralisk  
  139  23:16  Hydralisk x9  
  155  23:47  Hydralisk  
  155  23:48  Hydralisk x8  
  158  23:59  Zergling x18  
  158  24:00  Zergling x12  
  163  24:22  Hydralisk x4  
  163  24:23  Hydralisk x4  
  173  24:31  Overseer  
  173  24:32  Overseer  
  173  24:34  Zergling x6  
  173  24:35  Zergling x2  
  173  24:36  Overlord  
  173  24:37  Overlord x4  
Show
View Real Time Build Order
Export as new Build Order

DarkOne Terran 

Build Orders:  

Get SALT Encoding   

  12  0:01  SCV  
  13  0:13  SCV  
  14  0:18  Supply Depot  
  14  0:25  SCV  
  15  0:40  SCV  
  15  0:41  Barracks  
  16  0:52  SCV  
  17  1:04  SCV  
  18  1:15  Supply Depot  
  18  1:16  SCV  
  19  1:31  Marine, Command Center  
  20  1:38  Orbital Command  
  20  1:45  Refinery  
  20  1:49  Marine  
  21  2:04  Refinery, SCV  
  22  2:11  Marine  
  23  2:28  Bunker  
  23  2:32  SCV  
  24  2:44  Factory, SCV  
  24  2:49  Barracks  
  25  2:51  Barracks  
  24  2:59  Supply Depot  
  24  3:02  Marine  
  25  3:06  SCV  
  25  3:11  Orbital Command  
  26  3:18  SCV  
  26  3:32  Supply Depot  
  26  3:33  Factory Tech Lab  
  26  3:38  SCV x2  
  28  3:43  Barracks Tech Lab  
  28  3:45  Barracks Reactor x2  
  28  3:51  Refinery  
  28  3:53  Hellion, Infernal Pre-Igniter  
  28  3:55  SCV  
  31  3:56  SCV  
  32  4:03  Supply Depot  
  32  4:10  Supply Depot  
  32  4:12  Marine  
  32  4:14  Hellion  
  35  4:49  Marine, Hellion  
  35  4:50  Marine x3  
  35  4:51  Marine  
  42  4:54  Engineering Bay x2  
  42  4:56  Combat Shields  
  42  5:03  SCV x2  
  44  5:10  Marine x3, Hellion  
  44  5:11  Marine x2  
  51  5:21  Terran Infantry Weapons Level 1  
  51  5:22  Terran Infantry Armor Level 1  
  51  5:32  Hellion  
  51  5:34  Starport  
  51  5:35  SCV x2  
  54  5:41  Missile Turret  
  55  5:47  Marine x3  
  55  5:48  Marine  
  55  5:49  Refinery  
  59  5:53  Siege Tank  
  62  6:04  Missile Turret  
  62  6:08  Marine x2  
  62  6:09  Marine x3  
  67  6:36  Marine x2  
  65  6:53  Siege Tank  
  68  6:54  Marine  
  68  6:55  Marine x4  
  68  6:56  Starport Reactor  
  68  7:01  Armory  
  73  7:04  Barracks  
  73  7:06  Barracks  
  69  7:22  Stimpack  
  69  7:33  Medivac x2  
  73  8:03  Command Center  
  73  8:07  SCV x2  
  73  8:08  Marine x2  
  73  8:09  Bunker  
  73  8:10  Barracks Reactor, Barracks Tech Lab  
  77  8:16  Terran Vehicle Weapons Level 1  
  75  8:33  Concussive Shells  
  74  8:43  SCV x2  
  74  8:44  Terran Infantry Weapons Level 2, Terran Infantry Armor Level 2  
  76  8:50  Command Center  
  76  8:56  Missile Turret  
  76  8:57  Missile Turret  
  76  8:59  Marine x2  
  76  9:01  Missile Turret  
  78  9:14  Viking, Siege Tank, Marine x4  
  78  9:15  Marauder x2  
  78  9:16  Supply Depot, Missile Turret  
  91  9:20  Missile Turret  
  91  9:23  Missile Turret  
  91  9:25  Orbital Command, Missile Turret  
  91  9:39  Marine x4  
  95  9:46  Marine x2  
  97  9:56  Siege Tank  
  100  10:01  Medivac  
  96  10:14  SCV x3  
  97  10:16  Marine  
  97  10:17  Marine x3, Marauder  
  97  10:18  Marauder  
  105  10:25  Viking  
  107  10:29  Marine  
  107  10:30  Marine  
  107  10:34  Marine  
  107  10:35  SCV x3  
  111  11:00  Marine x4  
  111  11:01  Marine  
  116  11:05  Supply Depot  
  116  11:06  Supply Depot  
  116  11:08  Supply Depot  
  116  11:26  Marine x4, Marauder x2  
  116  11:27  Marine x2  
  126  11:33  Terran Infantry Weapons Level 3  
  126  11:35  Terran Infantry Armor Level 3  
  126  11:45  Marine x2  
  126  11:46  Marine x2  
  130  11:48  Marauder x2  
  134  12:14  Refinery  
  134  12:18  Refinery  
  132  12:48  Medivac  
  132  12:49  Medivac  
  82  13:20  Marine x4  
  82  13:21  Marine x2, Marauder x2  
  82  13:23  Siege Tank  
  79  13:37  Planetary Fortress  
  79  13:38  Marine x2  
  79  13:40  SCV x3  
  79  13:41  Marine x3  
  73  13:42  Marine, Marauder x2  
  81  13:50  Barracks x2  
  81  13:52  Barracks  
  81  14:01  Marine x3  
  81  14:02  Marine x3  
  87  14:03  Marauder  
  87  14:04  Marauder  
  91  14:11  Viking  
  91  14:12  Viking  
  95  14:19  Marine x2  
  97  14:27  Marine x4, Marauder  
  97  14:28  Marauder  
  105  14:37  Marine x2  
  107  14:42  Medivac x2  
  107  14:44  Marine  
  112  14:49  Marauder x2  
  116  14:54  Refinery  
  109  15:08  Marine x2  
  109  15:09  Marine x4  
  109  15:10  Marauder x2  
  109  15:11  Siege Tank  
  104  15:26  Marine x4  
  104  15:27  Marine x2  
  93  15:32  Marauder x2  
  93  15:34  Barracks Reactor, Barracks Tech Lab  
  93  15:35  Barracks Tech Lab  
  97  15:43  Siege Tank  
  97  15:44  Marine x4  
  102  15:53  Marauder x2  
  104  16:14  Marauder x2  
  104  16:17  Orbital Command  
  108  16:22  Marine x3  
  108  16:23  Marine x5, Marauder x2  
  120  16:34  Medivac x2  
  120  16:35  Refinery x2  
  120  16:39  Factory  
  124  16:48  Siege Tank  
  124  16:50  Marauder  
  124  16:55  Marauder  
  124  16:56  Marauder x2  
  121  17:04  Medivac x2  
  116  17:24  Siege Tank  
  116  17:25  Command Center  
  119  17:32  Factory Tech Lab  
  119  17:34  Medivac x2  
  123  17:41  Marine  
  123  17:42  Marine  
  125  18:07  Marine x3  
  125  18:15  Marine x3  
  125  18:16  Marauder  
  125  18:17  Marine, Marauder  
  125  18:18  Marauder  
  125  18:19  Marauder  
  98  18:27  Marine x3  
  98  18:28  Marine  
  84  18:38  Marauder  
  84  18:39  Marauder x2  
  84  18:40  Marauder  
  82  18:41  Marine x2  
  82  18:42  Marine x2  
  86  18:56  Siege Tank x2  
  86  18:59  Marauder  
  86  19:00  Marine x2  
  86  19:01  Marine x4  
  100  19:07  Orbital Command  
  100  19:16  Marine x3  
  107  19:17  Marauder x2  
  107  19:18  Marine  
  107  19:20  Medivac x2  
  107  19:21  Marauder  
  114  19:31  Terran Vehicle Weapons Level 2  
  114  19:44  Refinery  
  112  20:03  Marine x2  
  112  20:04  Marine x3, Marauder x3  
  112  20:05  Marine x3, Marauder  
  128  20:15  Supply Depot  
  128  20:21  Marine x2  
  128  20:25  Marauder x2  
  128  20:26  Marauder  
  110  20:38  Supply Depot, Siege Tank x2  
  110  20:39  Marine x5, Marauder  
  102  20:47  Marauder x3  
  102  20:48  Medivac x2  
  94  21:01  Supply Depot, Marauder  
  96  21:13  Siege Tank x2  
  96  21:16  Marine  
  96  21:17  Bunker, Marauder  
  105  21:20  Bunker  
  105  21:21  Missile Turret  
  105  21:38  Marine x4  
  105  21:39  Marine x2, Marauder x4  
  112  21:40  Marine  
  110  21:48  Terran Vehicle And Ship Armor Level 1  
  110  21:49  Marine  
  111  21:56  Marine x2  
  111  22:00  Marauder x3  
  118  22:09  Viking  
  118  22:13  Command Center  
  118  22:45  Medivac x2  
  122  22:57  Marine x3, Marauder x2  
  122  22:58  Marauder  
  107  23:05  Marine x4  
  85  23:06  Marauder  
  84  23:15  Medivac x2  
  84  23:19  Marauder  
  88  23:20  Marine  
  88  23:21  Marine x2, Marauder  
  93  23:33  Siege Tank x2  
  77  23:45  Medivac  
  63  23:49  Marine  
  63  23:50  Marine x3, Marauder x2  
  63  23:51  Marauder x2  
  52  24:03  Marine  
  52  24:04  Marine x2  
  52  24:11  Marauder  
  52  24:17  Marine x2, Marauder  
Tags
 
Matchup
TvZ
Replay Pack
Pack 1
Spawn Locations
Cross Positions
Add a new tag
Caveats
  • Supply blocks, unpowered buildings, or Contaminate may cause inaccurate times.
  • Supply counts are checked every 10 seconds.